 Dungeon Crawl Stone Soup version 0.30-a0-168-g0b976cbdc4 (webtiles) character file.

Game seed: 7707575606095089681

88039 qw the Peltast (level 15, 0/96 HPs)
             Began as a Gargoyle Fighter on Sept 29, 2022.
             Was a High Priest of Okawaru.
             Killed by divine providence
             ... invoked by a meliai
             ... summoned by a glowing orange brain
              (12 damage)
             ... on level 15 of the Dungeon.
             The game lasted 00:09:10 (22147 turns).

qw the Peltast (Gargoyle Fighter)                  Turns: 22147, Time: 00:09:10

Health: 0/96       AC: 43    Str: 30    XL:     15   Next: 92%
Magic:  22/22      EV: 13    Int:  9    God:    Okawaru [*****.]
Gold:   548        SH: 26    Dex:  9    Spells: 14/14 levels left

rFire   + . .      SeeInvis +    c - +5 broad axe (vorpal)
rCold   . . .      Faith    .    z - +1 tower shield {rN+}
rNeg    + + .      Spirit   .    G - +1 plate armour {rF+}
rPois   inf        Reflect  +    D - +1 helmet
rElec   +          Harm     .    b - +2 cloak
rCorr   .          Rampage  .    s - +2 pair of gloves {Str+3}
Will    +....                    l - +2 pair of boots
Stlth   ..........               m - amulet of reflection
HPRegen 0.26/turn                g - +4 ring of evasion
MPRegen 0.18/turn                y - ring of see invisible

@: heroic, marked, flying
A: sickness immunity, AC +11, big wings, negative energy resistance 1,
electricity resistance, torment resistance 1, petrification resistance
a: Renounce Religion, Heroism, Finesse, Duel


You were on level 15 of the Dungeon.
You worshipped Okawaru.
Okawaru was extremely pleased with you.
You visited 3 branches of the dungeon, and saw 21 of its levels.
You also visited: Gauntlet.

You collected 1483 gold pieces.
You spent 935 gold pieces at shops.


Innate Abilities, Weirdness & Mutations

You are immune to sickness and miasma.
Your stone body is resilient. (AC +11)
You are immune to poison.
Your large and strong wings let you fly.
You resist negative energy. (rN+)
You are resistant to electric shocks. (rElec)
You are resistant to unholy torment.
You are immune to petrification.


   Skills:
 - Level 12.0(17.0) Fighting
 - Level 15.0(20.0) Axes
 - Level 5.0(10.0) Throwing
 - Level 11.0(16.0) Armour
 + Level 2.3(7.3) Dodging
 - Level 16.2(21.2) Shields
 - Level 10.1 Invocations


You had 14 spell levels left.
You didn't know any spells.
Your spell library was empty.

Inventory:

Hand Weapons
 c - a +5 vorpal broad axe (weapon)
 f - a +2 hand axe of flaming
Missiles
 C - 5 javelins (quivered)
 E - 3 boomerangs
Armour
 b - a +2 cloak (worn)
 h - a +2 chain mail of cold resistance
 l - a +2 pair of boots (worn)
 s - a +2 pair of gloves of strength (worn)
 u - +0 acid dragon scales
 z - a +1 tower shield of positive energy (worn)
 D - a +1 helmet (worn)
 G - a +1 plate armour of fire resistance (worn)
Jewellery
 g - a +4 ring of evasion (left hand)
 m - an amulet of reflection (around neck)
 r - a ring of fire
 v - a +6 ring of strength
 y - a ring of see invisible (right hand)
Scrolls
 q - 15 scrolls of identify
 t - 3 scrolls of teleportation
Potions
 a - 5 potions of lignification
 d - 8 potions of might
 e - 7 potions of haste
 j - 6 potions of attraction
 k - 6 potions of heal wounds
 n - 6 potions of curing
 o - 5 potions of cancellation
 p - 2 potions of mutation
 w - a potion of magic
 x - 2 potions of resistance

Dungeon Overview and Level Annotations

Branches:
Dungeon (15/15)            Temple (1/1) D:6            Lair (5/5) D:11
 Shoals (0/4) Lair:2        Snake (0/4) Lair:3        Slime (0/5) Lair:4
    Orc (0/2) D:11         Vaults (0/5) D:13        Gauntlet (visited)
 Depths: D:15

Altars:
Ashenzari
Cheibriados
Dithmenos
Elyvilon
Fedhas
Gozag
Hepliaklqana
Kikubaaqudgha
Makhleb
Nemelex Xobeh
Okawaru
Qazlal
Ru
Sif Muna
Trog
Uskayaw
Vehumet
Wu Jian
Xom
Yredelemnul
Zin
The Shining One
Jiyva

Shops:
D:1 (   D:2 (   D:9 *   D:10 ?   D:12 !

Annotations:
D:5 1 runed translucent door, qw's ghost, novice GrFi
D:10 1 runed translucent door
D:14 3 runed translucent doors, Wopp's ghost, journeyman GrEE


Message History

You slash the brown ugly thing!
The brown ugly thing is almost dead.
You slice the meliai!!
You kill the meliai!
The meliai's corpse dissolves into shadows!
You slice the white ugly thing!!
You block the white ugly thing's attack.
The brown ugly thing basks in the mutagenic energy from its kin and changes!
You block the meliai's attack. The meliai closely misses you.
The meliai mumbles some strange prayers to its god against you.
Something smites you!
The brown ugly thing punches you but does no damage.
You hit the brown ugly thing.
The brown ugly thing is almost dead.
You hit the white ugly thing but do no damage.
You completely miss the meliai. The meliai completely misses you.
You block the meliai's attack.
An ogre mage comes into view. It is wielding a +0 spear.
The glowing orange brain pulsates ominously.
You block the white ugly thing's attack.
The brown ugly thing punches you but does no damage.
You slice the brown ugly thing!!
You kill the brown ugly thing!
The brown ugly thing's corpse dissolves into shadows!
You barely miss the white ugly thing. You slice the meliai!!
You block the meliai's attack. x2; The meliai hits you but does no damage.
The meliai closely misses you.
You block the white ugly thing's attack.
You miss the meliai.
The meliai is almost dead.
You barely miss the white ugly thing. You block the meliai's attack.
The meliai stings you but does no damage.
The meliai invokes the aid of its god against you.
Something smites you!
A two-headed ogre comes into view.
It is wielding a +0 giant spiked club and a +0 dire flail.
You block the white ugly thing's attack.
The meliai calls down the wrath of its god upon you.
Something smites you!
You die...

.....# #.##.#
#.##.# .# #.##O#
#.#####.##.## #
##......c....#
..
#......cOy..##..
#.######y##.'H
###.######@##.#
#..........uGu#
#.#.######.####
#.....# #...
#...<(########
#...)....))))#
#.....######.#
#.....# #.#
#.##### ##.###.#


You could see 2 ugly things, a glowing orange brain, 2 two-headed ogres, 2
meliai and 2 centaurs.

Vanquished Creatures
  Frances (D:13)
  A minotaur (Gauntlet)
  2 rakshasas
  7 hydras
  8 vault guards (D:13)
  A catoblepas (Lair:2)
  A two-headed ogre (D:11)
  8 centaur warriors
  6 death yaks (Lair:5)
  Erica (Lair:2)
  2 boulder beetles
  3 tengu warriors (D:14)
  Sonja (Lair:2)
  Nergalle (Lair:2)
  A wizard (D:14)
  An orc knight (D:15)
  A lindwurm (Lair:5)
  A wolf spider (Lair:5)
  2 ugly things
  6 cyclopes
  2 manticores
  9 black mambas
  9 elephants
  A guardian serpent (Lair:5)
  2 gargoyles (D:11)
  2 molten gargoyles (Lair:3)
  2 rime drakes
  3 kobold demonologists (D:9)
  17 cane toads
  8 komodo dragons
  2 minotaur zombies (Gauntlet)
  A tengu conjurer (D:14)
  5 trolls
  10 polar bears (Lair:5)
  5 hornets
  A meliai (shapeshifter) (D:15)
  A tarantella (shapeshifter) (D:13)
  2 raiju
  Grinder (D:6)
  19 blink frogs
  6 meliai (D:14)
  8 slime creatures
  7 dream sheep (Lair:3)
  2 centaur simulacra (Gauntlet)
  2 wraiths
  15 wyverns
  61 yaks
  Grum (D:10)
  4 basilisks
  2 vampire mosquitoes (D:13)
  3 redbacks (Lair:5)
  2 steam dragons (Gauntlet)
  4 wargs (Lair:5)
  4 nagas (Lair:3)
  Edmund (D:6)
  2 swamp worms (D:10)
  2 acid dragons
  21 water moccasins
  16 hell hounds (Lair:5)
  A hydra simulacrum (Gauntlet)
  8 orc warriors
  2 sky beasts (D:7)
  6 ice beasts
  14 black bears
  4 ogres
  24 wolves
  A phantom (D:6)
  13 centaurs
  3 kobold brigands (D:9)
  8 bullfrogs
  4 necrophages
  A scorpion (D:7)
  8 wights
  3 killer bees (D:9)
  4 electric eels
  5 lava snakes (Lair:3)
  3 howler monkeys
  2 hounds
  6 jellies
  8 orc priests
  Ijyb (D:3)
  9 orc wizards
  2 iguanas
  6 hell rats (Lair:4)
  8 adders
  A shadow imp (D:7)
  4 ufetubi
  4 dart slugs
  2 worms
  38 orcs
  5 ball pythons
  5 endoplasms
  4 giant cockroaches
  7 goblins
  6 hobgoblins
  2 jackals (D:2)
  2 quokkas
  8 bats
  13 kobolds
  6 rats
581 creatures vanquished.

Vanquished Creatures (others)
  An orc priest (D:4)
  3 orcs (D:4)
  A bush (Lair:5)
  38 fungi
  84 plants
127 creatures vanquished.

Grand Total: 708 creatures vanquished

Notes
Turn   | Place    | Note
-------+----------+-------------------------------------------
     0 | D:1      | qw the Gargoyle Fighter began the quest for the Orb.
     0 | D:1      | Reached XP level 1. HP: 14/14 MP: 1/1
     0 | D:1      | 0 ||| qw: Version: 0.2-a-12-gaebbb33
     0 | D:1      | 0 ||| qw: Game counter: 1212
     0 | D:1      | 0 ||| qw: Always use a shield: true
     0 | D:1      | 0 ||| qw: God list: Okawaru
     0 | D:1      | 0 ||| qw: Allow faded altars: false
     0 | D:1      | 0 ||| qw: Do Orc after D:15 true
     0 | D:1      | 0 ||| qw: Do second Lair branch before Depths: true
     0 | D:1      | 0 ||| qw: Lair rune preference: random
     0 | D:1      | 0 ||| qw: Plans: Normal, Zot:1-4, God:TSO, Crypt, Tomb,
                  | Pan, Slime:5, Hells, Abyss, Orb
     0 | D:1      | 0 ||| PLANNING D:1-11
   256 | D:1      | Found Vearche's Weapon Shoppe.
   259 | D:1      | 259 ||| SHOPLISTING +8 war axe "Gathriama" {vorpal, rPois
                  | Will- Str+3} (819 gold, have 14).
   268 | D:1      | Reached XP level 2. HP: 19/19 MP: 2/2
   965 | D:1      | 965 ||| UPGRADING to +0 chain mail.
   975 | D:1      | 975 ||| DROPPING +0 scale mail.
   976 | D:1      | 976 ||| READING scroll labelled NUMPOR KAUHUI.
  1034 | D:2      | Reached skill level 3 in Axes
  1041 | D:2      | Found Ceraeruu's Weapon Boutique.
  1046 | D:2      | 1046 ||| SHOPLISTING +8 mace of Insomnia {speed, Int+2
                  | Dex+3} (931 gold, have 49).
  1131 | D:2      | Reached XP level 3. HP: 22/23 MP: 3/3
  1383 | D:2      | 1383 ||| Stepping ~*~*~tactically~*~*~ (stealth).
  1687 | D:2      | Found a faded altar of an unknown god.
  1747 | D:2      | Reached XP level 4. HP: 24/28 MP: 4/4
  2068 | D:2      | 2068 ||| UPGRADING to +2 cloak.
  2073 | D:2      | 2073 ||| UPGRADING to amulet of reflection.
  2078 | D:2      | 2078 ||| READING scroll labelled SAURYPL ZYICS.
  2079 | D:2      | 2079 ||| READING scroll labelled UNLASHRAOMU.
  2082 | D:2      | 2082 ||| READING scroll labelled FERIGO FYGYFI.
  2121 | D:3      | 2121 ||| Stepping ~*~*~tactically~*~*~ (hiding).
  2258 | D:3      | Noticed Ijyb
  2293 | D:3      | Killed Ijyb
  2492 | D:3      | 2492 ||| Stepping ~*~*~tactically~*~*~ (stealth).
  2493 | D:3      | 2493 ||| Stepping ~*~*~tactically~*~*~ (stealth).
  2494 | D:3      | 2494 ||| Stepping ~*~*~tactically~*~*~ (stealth).
  2525 | D:3      | Reached XP level 5. HP: 32/32 MP: 5/5
  2551 | D:3      | 2551 ||| Stepping ~*~*~tactically~*~*~ (hiding).
  2588 | D:3      | 2588 ||| FLEEEEING.
  2743 | D:3      | 2743 ||| Stepping ~*~*~tactically~*~*~ (stealth).
  3075 | D:3      | 3075 ||| UPGRADING to +3 scale mail of fire resistance.
  3085 | D:3      | 3085 ||| UPGRADING to +0 pair of boots.
  3090 | D:3      | 3090 ||| UPGRADING to +2 pair of gloves of strength.
  3095 | D:3      | 3095 ||| READING scroll labelled SOUXIC PAOTIVY.
  3096 | D:3      | 3096 ||| READING scroll labelled PUWENA NIXAOW.
  3097 | D:3      | 3097 ||| READING scroll labelled RUPHEV SEICO.
  3154 | D:3      | 3154 ||| DRINKING 2 glowing green potions.
  3155 | D:3      | 3155 ||| DRINKING 2 metallic orange potions.
  3156 | D:3      | 3156 ||| DRINKING 2 bubbling ruby potions.
  3157 | D:3      | 3157 ||| DROPPING potion of invisibility.
  3158 | D:3      | 3158 ||| DROPPING potion of flight.
  3189 | D:4      | Reached skill level 1 in Dodging
  3196 | D:4      | Reached XP level 6. HP: 36/38 MP: 6/6
  3212 | D:4      | 3212 ||| DROPPING +0 whip.
  3580 | D:4      | Reached skill level 6 in Axes
  3807 | D:4      | Reached XP level 7. HP: 40/43 MP: 7/7
  3966 | D:4      | Found a glowing silver altar of Zin.
  4501 | D:4      | 4501 ||| READING scroll labelled HEHOTHROOCK.
  4502 | D:4      | 4502 ||| READING scroll labelled FOPOCAVV MEBO.
  4516 | D:5      | Entered Level 5 of the Dungeon
  4758 | D:5      | Found a runed translucent door.
  4758 | D:5      | Noticed qw's ghost (novice GrFi)
  4794 | D:5      | 4794 ||| Stepping ~*~*~tactically~*~*~ (stealth).
  5077 | D:5      | 5077 ||| Stepping ~*~*~tactically~*~*~ (stealth).
  5091 | D:5      | Reached XP level 8. HP: 42/49 MP: 8/8
  5453 | D:5      | 5453 ||| UPGRADING to +4 ring of evasion.
  5454 | D:5      | 5454 ||| DRINKING 2 lumpy brown potions.
  5467 | D:5      | 5467 ||| STAIRDANCE
  5471 | D:5      | 5471 ||| STAIRDANCE
  5475 | D:5      | 5475 ||| STAIRDANCE
  5479 | D:5      | 5479 ||| STAIRDANCE
  5483 | D:5      | 5483 ||| STAIRDANCE
  5487 | D:5      | 5487 ||| STAIRDANCE
  5491 | D:5      | 5491 ||| STAIRDANCE
  5495 | D:5      | 5495 ||| STAIRDANCE
  5499 | D:5      | 5499 ||| STAIRDANCE
  5503 | D:5      | 5503 ||| STAIRDANCE
  5507 | D:5      | 5507 ||| STAIRDANCE
  5511 | D:5      | 5511 ||| STAIRDANCE
  5515 | D:5      | 5515 ||| STAIRDANCE
  5519 | D:5      | 5519 ||| STAIRDANCE
  5523 | D:5      | 5523 ||| STAIRDANCE
  5527 | D:5      | 5527 ||| STAIRDANCE
  5531 | D:5      | 5531 ||| STAIRDANCE
  5535 | D:5      | 5535 ||| STAIRDANCE
  5539 | D:5      | 5539 ||| STAIRDANCE
  5543 | D:5      | 5543 ||| STAIRDANCE
  5566 | D:5      | 5566 ||| READING scroll of teleportation.
  5616 | D:6      | 5616 ||| STAIRDANCE
  5882 | D:6      | Reached skill level 6 in Fighting
  5915 | D:6      | Noticed Edmund
  5916 | D:6      | 5916 ||| Stepping ~*~*~tactically~*~*~ (stealth).
  5923 | D:6      | 5923 ||| Stepping ~*~*~tactically~*~*~ (stealth).
  5925 | D:6      | 5925 ||| Stepping ~*~*~tactically~*~*~ (stealth).
  5948 | D:6      | Killed Edmund
  5949 | D:6      | Reached skill level 9 in Axes
  6057 | D:6      | 6057 ||| DROPPING +0 flail.
  6068 | D:6      | Found a staircase to the Ecumenical Temple.
  6068 | D:6      | Noticed Grinder
  6069 | D:6      | 6069 ||| PLANNING TEMPLE
  6069 | D:6      | 6069 ||| READING scroll labelled ZIVONG GAOMIU.
  6070 | D:6      | 6070 ||| READING scroll labelled FUUVVE OM TUSTROS.
  6071 | D:6      | 6071 ||| Stepping ~*~*~tactically~*~*~ (hiding).
  6073 | D:6      | Paralysed by Grinder for 3 turns
  6086 | D:6      | Killed Grinder
  6087 | D:6      | Reached skill level 4 in Shields
  6087 | D:6      | Reached XP level 9. HP: 55/55 MP: 9/9
  6092 | Temple   | Entered the Ecumenical Temple
  6542 | Temple   | 6542 ||| PLANNING D:1-11
  6589 | Temple   | 6589 ||| PLANNING OKAWARU WORSHIP
  6589 | Temple   | Became a worshipper of Warmaster Okawaru
  6590 | Temple   | 6590 ||| PLANNING D:1-11
  6797 | D:6      | 6797 ||| DRINKING 2 sapphire potions.
  6798 | D:6      | 6798 ||| DROPPING potion of brilliance.
  6874 | D:7      | 6874 ||| Stepping ~*~*~tactically~*~*~ (stealth).
  6882 | D:7      | 6882 ||| Stepping ~*~*~tactically~*~*~ (stealth).
  6883 | D:7      | 6883 ||| Stepping ~*~*~tactically~*~*~ (stealth).
  6935 | D:7      | Reached skill level 1 in Throwing
  7163 | D:7      | Noticed a troll
  7172 | D:7      | Killed a troll
  7172 | D:7      | Reached * piety under Okawaru
  7281 | D:7      | Reached skill level 1 in Invocations
  7578 | D:7      | 7578 ||| DROPPING +0 chain mail.
  7579 | D:7      | 7579 ||| UPGRADING to +0 plate armour.
  7628 | D:8      | 7628 ||| INVOKING Heroism.
  7692 | D:8      | 7692 ||| INVOKING Heroism.
  7701 | D:8      | Reached skill level 3 in Invocations
  7735 | D:8      | Reached XP level 10. HP: 63/63 MP: 11/13
  7785 | D:8      | 7785 ||| INVOKING Heroism.
  7841 | D:8      | Reached ** piety under Okawaru
  7842 | D:8      | Reached skill level 6 in Armour
  7971 | D:8      | 7971 ||| INVOKING Heroism.
  7988 | D:8      | 7988 ||| INVOKING Heroism.
  8137 | D:8      | 8137 ||| DROPPING amulet of magic regeneration.
  8138 | D:8      | 8138 ||| READING 3 scrolls of identify.
  8138 | D:8      | 8138 ||| IDENTIFYING murky brown potion
  8139 | D:8      | 8139 ||| READING 2 scrolls of identify.
  8139 | D:8      | 8139 ||| IDENTIFYING brown potion
  8177 | D:9      | Noticed a kobold demonologist
  8181 | D:9      | 8181 ||| Stepping ~*~*~tactically~*~*~ (stealth).
  8184 | D:9      | 8184 ||| Stepping ~*~*~tactically~*~*~ (stealth).
  8189 | D:9      | 8189 ||| INVOKING Heroism.
  8193 | D:9      | Killed a kobold demonologist
  8198 | D:9      | Reached skill level 5 in Shields
  8202 | D:9      | 8202 ||| Stepping ~*~*~tactically~*~*~ (stealth).
  8210 | D:9      | Noticed a kobold demonologist
  8211 | D:9      | 8211 ||| Stepping ~*~*~tactically~*~*~ (stealth).
  8212 | D:9      | 8212 ||| Stepping ~*~*~tactically~*~*~ (stealth).
  8216 | D:9      | Noticed a kobold demonologist
  8218 | D:9      | Noticed a smoke demon
  8218 | D:9      | 8218 ||| INVOKING Heroism.
  8219 | D:9      | Killed a kobold demonologist
  8227 | D:9      | Reached *** piety under Okawaru
  8231 | D:9      | Killed a kobold demonologist
  8361 | D:9      | 8361 ||| Stepping ~*~*~tactically~*~*~ (hiding).
  8736 | D:9      | Found Sebikocs's Assorted Antiques.
  8742 | D:9      | 8742 ||| SHOPLISTING -2 hat of the Alchemist {rElec rPois
                  | rF+ rC+ rN+ Will+ rMut rCorr} (1652 gold, have 349).
  8742 | D:9      | 8742 ||| BUYING blue potion (31 gold).
  8742 | D:9      | Bought a blue potion for 31 gold pieces
  8742 | D:9      | 8742 ||| BUYING red potion (31 gold).
  8742 | D:9      | Bought a red potion for 31 gold pieces
  8742 | D:9      | 8742 ||| BUYING scratched glass ring (175 gold).
  8742 | D:9      | Bought a scratched glass ring for 175 gold pieces
  8742 | D:9      | 8742 ||| BUYING scroll of identify (70 gold).
  8742 | D:9      | Bought a scroll of identify for 70 gold pieces
  8742 | D:9      | 8742 ||| SHOPLISTING scroll of identify (70 gold, have 42).
  8742 | D:9      | 8742 ||| SHOPLISTING scroll of teleportation (105 gold,
                  | have 42).
  8920 | D:9      | 8920 ||| INVOKING Heroism.
  9002 | D:9      | 9002 ||| UPGRADING to ring of see invisible.
  9003 | D:9      | 9003 ||| READING scroll labelled TOP PEINEPESOSM.
  9004 | D:9      | 9004 ||| READING 3 scrolls of identify.
  9004 | D:9      | 9004 ||| IDENTIFYING smoky grey potion
  9005 | D:9      | 9005 ||| READING 2 scrolls of identify.
  9005 | D:9      | 9005 ||| IDENTIFYING green potion
  9029 | D:10     | Entered Level 10 of the Dungeon
  9056 | D:10     | 9056 ||| INVOKING Heroism.
  9069 | D:10     | Reached XP level 11. HP: 62/69 MP: 12/14
  9121 | D:10     | Reached **** piety under Okawaru
  9135 | D:10     | 9135 ||| INVOKING Heroism.
  9144 | D:10     | Reached skill level 9 in Fighting
  9154 | D:10     | 9154 ||| Stepping ~*~*~tactically~*~*~ (hiding).
  9196 | D:10     | Noticed a centaur warrior
  9211 | D:10     | Killed a centaur warrior
  9255 | D:10     | 9255 ||| DROPPING +1 mace of distortion.
  9383 | D:10     | 9383 ||| INVOKING Heroism.
  9420 | D:10     | Found Fophinn's Magic Scroll Shoppe.
  9430 | D:10     | 9430 ||| SHOPLISTING 3 scrolls of teleportation (117 gold,
                  | have 90).
  9430 | D:10     | 9430 ||| BUYING scroll of teleportation (39 gold).
  9430 | D:10     | Bought a scroll of teleportation for 39 gold pieces
  9430 | D:10     | 9430 ||| BUYING scroll of teleportation (39 gold).
  9430 | D:10     | Bought a scroll of teleportation for 39 gold pieces
  9430 | D:10     | 9430 ||| SHOPLISTING scroll of teleportation (39 gold, have
                  | 12).
  9537 | D:10     | Noticed Grum
  9538 | D:10     | 9538 ||| INVOKING Heroism.
  9553 | D:10     | Killed Grum
  9643 | D:10     | Noticed a deep troll
  9643 | D:10     | Noticed a centaur warrior
  9644 | D:10     | Found a runed translucent door.
  9646 | D:10     | Identified the ring "Nenix" {Drain rC+ rN+ Slay+6 SInv}
  9646 | D:10     | Noticed a yaktaur captain
  9646 | D:10     | Noticed a harpy
  9646 | D:10     | Noticed a yaktaur captain
  9646 | D:10     | Noticed a wolf spider
  9802 | D:10     | Identified the +3 flail "Giena" {drain, rF+ rN+ Str+3 SInv}
  9804 | D:10     | 9804 ||| DROPPING +2 flail of holy wrath.
  9858 | D:10     | 9858 ||| INVOKING Heroism.
  9945 | D:10     | 9945 ||| INVOKING Heroism.
  9952 | D:10     | Reached skill level 6 in Invocations
 10083 | D:10     | 10083 ||| READING 3 scrolls of identify.
 10083 | D:10     | 10083 ||| IDENTIFYING metallic puce potion
 10084 | D:10     | 10084 ||| READING 2 scrolls of identify.
 10084 | D:10     | 10084 ||| IDENTIFYING blue potion
 10151 | D:11     | Found a staircase to the Lair.
 10153 | D:11     | 10153 ||| INVOKING Heroism.
 10244 | D:11     | 10244 ||| Stepping ~*~*~tactically~*~*~ (stealth).
 10245 | D:11     | 10245 ||| Stepping ~*~*~tactically~*~*~ (stealth).
 10400 | D:11     | Noticed a cyclops
 10401 | D:11     | 10401 ||| INVOKING Heroism.
 10402 | D:11     | Noticed a two-headed ogre
 10409 | D:11     | Killed a two-headed ogre
 10413 | D:11     | Killed a cyclops
 10413 | D:11     | Reached ***** piety under Okawaru
 10480 | D:11     | 10480 ||| INVOKING Heroism.
 10480 | D:11     | Noticed a cyclops
 10481 | D:11     | 10481 ||| Stepping ~*~*~tactically~*~*~ (stealth).
 10495 | D:11     | 10495 ||| Stepping ~*~*~tactically~*~*~ (hiding).
 10501 | D:11     | Killed a cyclops
 10513 | D:11     | 10513 ||| INVOKING Heroism.
 10520 | D:11     | Reached skill level 12 in Axes
 10660 | D:11     | Noticed a white ugly thing
 10661 | D:11     | 10661 ||| Stepping ~*~*~tactically~*~*~ (stealth).
 10663 | D:11     | 10663 ||| Stepping ~*~*~tactically~*~*~ (stealth).
 10664 | D:11     | 10664 ||| INVOKING Heroism.
 10671 | D:11     | Killed a white ugly thing
 10671 | D:11     | Received a gift from Okawaru
 10680 | D:11     | 10680 ||| SWAPPING to +3 broad axe of freezing.
 10681 | D:11     | 10681 ||| DROPPING +1 vorpal war axe.
 10692 | D:11     | Noticed a manticore
 10694 | D:11     | 10694 ||| Stepping ~*~*~tactically~*~*~ (hiding).
 10698 | D:11     | 10698 ||| INVOKING Heroism.
 10707 | D:11     | Killed a manticore
 10777 | D:11     | Found a staircase to the Orcish Mines.
 11029 | D:11     | 11029 ||| PLANNING LAIR
 11029 | D:11     | 11029 ||| READING 3 scrolls of identify.
 11029 | D:11     | 11029 ||| IDENTIFYING puce potion
 11030 | D:11     | 11030 ||| READING 2 scrolls of identify.
 11030 | D:11     | 11030 ||| IDENTIFYING red potion
 11031 | D:11     | 11031 ||| DROPPING potion of ambrosia.
 11070 | Lair:1   | Entered Level 1 of the Lair of Beasts
 11071 | Lair:1   | 11071 ||| INVOKING Heroism.
 11078 | Lair:1   | Reached XP level 12. HP: 62/76 MP: 15/18
 11089 | Lair:1   | Reached skill level 9 in Armour
 11094 | Lair:1   | 11094 ||| INVOKING Heroism.
 11114 | Lair:1   | Reached skill level 9 in Invocations
 11118 | Lair:1   | Reached skill level 6 in Shields
 11215 | Lair:1   | 11215 ||| Stepping ~*~*~tactically~*~*~ (stealth).
 11309 | Lair:1   | 11309 ||| Stepping ~*~*~tactically~*~*~ (hiding).
 11460 | Lair:1   | 11460 ||| INVOKING Heroism.
 11466 | Lair:1   | Received a gift from Okawaru
 11798 | Lair:1   | 11798 ||| UPGRADING to +1 tower shield of positive energy.
 11808 | Lair:1   | 11808 ||| DROPPING +0 buckler.
 11865 | Lair:2   | Noticed Nergalle
 11865 | Lair:2   | Noticed a five-headed hydra
 11866 | Lair:2   | 11866 ||| Stepping ~*~*~tactically~*~*~ (hiding).
 11867 | Lair:2   | 11867 ||| INVOKING Heroism.
 11868 | Lair:2   | 11868 ||| INVOKING Finesse.
 11870 | Lair:2   | 11870 ||| SWAPPING to +0 morningstar.
 11871 | Lair:2   | 11871 ||| Stepping ~*~*~tactically~*~*~ (outnumbered).
 11881 | Lair:2   | Noticed Sonja
 11885 | Lair:2   | Killed a five-headed hydra
 11886 | Lair:2   | 11886 ||| SWAPPING to +3 broad axe of freezing.
 11893 | Lair:2   | Killed Nergalle
 11903 | Lair:2   | Killed Sonja
 11974 | Lair:2   | Noticed Erica
 11975 | Lair:2   | 11975 ||| INVOKING Heroism.
 11976 | Lair:2   | 11976 ||| INVOKING Finesse.
 11982 | Lair:2   | Killed Erica
 11983 | Lair:2   | Reached skill level 7 in Shields
 12041 | Lair:2   | Found a staircase to the Shoals.
 12071 | Lair:2   | Noticed a catoblepas
 12073 | Lair:2   | 12073 ||| Stepping ~*~*~tactically~*~*~ (hiding).
 12074 | Lair:2   | 12074 ||| INVOKING Heroism.
 12075 | Lair:2   | 12075 ||| INVOKING Finesse.
 12084 | Lair:2   | Killed a catoblepas
 12145 | Lair:2   | Noticed a four-headed hydra
 12146 | Lair:2   | 12146 ||| DROPPING +6 ring of dexterity.
 12147 | Lair:2   | 12147 ||| READING 3 scrolls of teleportation.
 12220 | Lair:2   | 12220 ||| INVOKING Heroism.
 12221 | Lair:2   | 12221 ||| INVOKING Finesse.
 12225 | Lair:2   | 12225 ||| SWAPPING to +0 morningstar.
 12232 | Lair:2   | Killed a four-headed hydra
 12233 | Lair:2   | Reached skill level 8 in Shields
 12233 | Lair:2   | 12233 ||| SWAPPING to +3 broad axe of freezing.
 12278 | Lair:2   | 12278 ||| INVOKING Heroism.
 12279 | Lair:2   | 12279 ||| Stepping ~*~*~tactically~*~*~ (stealth).
 12293 | Lair:2   | 12293 ||| Stepping ~*~*~tactically~*~*~ (stealth).
 12294 | Lair:2   | 12294 ||| Stepping ~*~*~tactically~*~*~ (stealth).
 12295 | Lair:2   | 12295 ||| Stepping ~*~*~tactically~*~*~ (stealth).
 12321 | Lair:2   | 12321 ||| INVOKING Heroism.
 12329 | Lair:2   | Reached skill level 9 in Shields
 13062 | Lair:3   | 13062 ||| PLANNING GAUNTLET
 13065 | Lair:3   | 13065 ||| Stepping ~*~*~tactically~*~*~ (stealth).
 13099 | Lair:3   | 13099 ||| INVOKING Heroism.
 13102 | Lair:3   | Reached skill level 10 in Shields
 13109 | Lair:3   | Reached XP level 13. HP: 80/80 MP: 18/20
 13122 | Lair:3   | 13122 ||| Stepping ~*~*~tactically~*~*~ (stealth).
 13136 | Lair:3   | Found a gate leading to a gauntlet.
 13148 | Lair:3   | 13148 ||| Stepping ~*~*~tactically~*~*~ (stealth).
 13149 | Lair:3   | 13149 ||| Stepping ~*~*~tactically~*~*~ (stealth).
 13150 | Lair:3   | 13150 ||| Stepping ~*~*~tactically~*~*~ (stealth).
 13155 | Lair:3   | 13155 ||| Stepping ~*~*~tactically~*~*~ (hiding).
 13156 | Lair:3   | 13156 ||| INVOKING Heroism.
 13159 | Lair:3   | Reached skill level 11 in Shields
 13247 | Gauntlet | Entered a Gauntlet
 13247 | Gauntlet | Found a transporter.
 13247 | Gauntlet | Found a transporter.
 13247 | Gauntlet | Found a transporter.
 13260 | Gauntlet | Found a transporter.
 13260 | Gauntlet | Found a transporter.
 13267 | Gauntlet | Found a runed translucent door.
 13270 | Gauntlet | Found a transporter.
 13271 | Gauntlet | Found a transporter.
 13277 | Gauntlet | Found a runed translucent gate.
 13279 | Gauntlet | Found a transporter.
 13280 | Gauntlet | Found a runed translucent gate.
 13281 | Gauntlet | Found a runed translucent gate.
 13297 | Gauntlet | Found a transporter.
 13303 | Gauntlet | Found a transporter.
 13306 | Gauntlet | Found a transporter.
 13316 | Gauntlet | Found a transporter.
 13433 | Gauntlet | Identified the +5 hand axe of the Gazing Oracle {vorpal,
                  | rF+ rC+ rN++} (Okawaru gifted it to you in a Gauntlet)
 13433 | Gauntlet | Received a gift from Okawaru
 13480 | Gauntlet | 13480 ||| READING scroll labelled ONOAL DOTRAUQ.
 13487 | Gauntlet | 13487 ||| INVOKING Heroism.
 13491 | Gauntlet | 13491 ||| Stepping randomly (cloudy).
 13493 | Gauntlet | 13493 ||| Stepping ~*~*~tactically~*~*~ (cloud).
 13500 | Gauntlet | Reached skill level 12 in Shields
 13507 | Gauntlet | 13507 ||| DROPPING +6 ring of intelligence.
 13514 | Gauntlet | 13514 ||| SWAPPING to +0 morningstar.
 13523 | Gauntlet | 13523 ||| SWAPPING to +3 broad axe of freezing.
 13524 | Gauntlet | HP: 6/80 [centaur warrior simulacrum (28)]
 13525 | Gauntlet | 13525 ||| DRINKING 4 potions of heal wounds.
 13740 | Gauntlet | Noticed a minotaur
 13741 | Gauntlet | 13741 ||| INVOKING Heroism.
 13742 | Gauntlet | 13742 ||| INVOKING Finesse.
 13751 | Gauntlet | Killed a minotaur
 13823 | Gauntlet | 13823 ||| INVOKING Heroism.
 13942 | Gauntlet | 13942 ||| READING scroll labelled HECUEN BYNAM.
 13953 | Lair:3   | 13953 ||| PLANNING LAIR
 14027 | Lair:3   | 14027 ||| INVOKING Heroism.
 14139 | Lair:3   | 14139 ||| INVOKING Heroism.
 14516 | Lair:3   | 14516 ||| Stepping ~*~*~tactically~*~*~ (hiding).
 14524 | Lair:3   | 14524 ||| INVOKING Heroism.
 14533 | Lair:3   | Found a staircase to the Snake Pit.
 14640 | Lair:3   | 14640 ||| Stepping ~*~*~tactically~*~*~ (stealth).
 14647 | Lair:3   | Reached skill level 13 in Shields
 14846 | Lair:3   | 14846 ||| Stepping ~*~*~tactically~*~*~ (stealth).
 14968 | Lair:3   | 14968 ||| READING scroll labelled NUBBATSIFF.
 14969 | Lair:3   | 14969 ||| DRINKING 2 black potions.
 14983 | Lair:3   | 14983 ||| DROPPING potion of degeneration.
 15012 | Lair:4   | 15012 ||| INVOKING Heroism.
 15033 | Lair:4   | Reached skill level 3 in Throwing
 15038 | Lair:4   | 15038 ||| INVOKING Heroism.
 15182 | Lair:4   | 15182 ||| READING scroll of enchant weapon.
 15182 | Lair:4   | 15182 ||| ENCHANTING +3 broad axe of freezing.
 15209 | Lair:4   | Found a viscous altar of Jiyva.
 15209 | Lair:4   | Found a staircase to the Slime Pits.
 15334 | Lair:4   | 15334 ||| Stepping ~*~*~tactically~*~*~ (stealth).
 15337 | Lair:4   | 15337 ||| Stepping ~*~*~tactically~*~*~ (stealth).
 15338 | Lair:4   | 15338 ||| INVOKING Heroism.
 15370 | Lair:4   | 15370 ||| INVOKING Heroism.
 15382 | Lair:4   | Reached skill level 14 in Shields
 15469 | Lair:4   | 15469 ||| Stepping ~*~*~tactically~*~*~ (stealth).
 15470 | Lair:4   | 15470 ||| Stepping ~*~*~tactically~*~*~ (stealth).
 15473 | Lair:4   | 15473 ||| Stepping ~*~*~tactically~*~*~ (stealth).
 15475 | Lair:4   | 15475 ||| INVOKING Heroism.
 15768 | Lair:5   | Entered Level 5 of the Lair of Beasts
 15775 | Lair:5   | 15775 ||| INVOKING Heroism.
 15856 | Lair:5   | 15856 ||| Stepping ~*~*~tactically~*~*~ (stealth).
 15857 | Lair:5   | 15857 ||| Stepping ~*~*~tactically~*~*~ (stealth).
 15859 | Lair:5   | 15859 ||| INVOKING Heroism.
 15886 | Lair:5   | Gained mutation: Your large and strong wings let you fly.
                  | [Gargoyle growth]
 15886 | Lair:5   | Reached XP level 14. HP: 88/88 MP: 21/21
 15932 | Lair:5   | 15932 ||| INVOKING Heroism.
 15933 | Lair:5   | 15933 ||| SWAPPING to +0 morningstar.
 15934 | Lair:5   | 15934 ||| INVOKING Finesse.
 15940 | Lair:5   | 15940 ||| SWAPPING to +4 broad axe of freezing.
 15947 | Lair:5   | 15947 ||| SWAPPING to +0 morningstar.
 15950 | Lair:5   | Received a gift from Okawaru
 15955 | Lair:5   | 15955 ||| Stepping ~*~*~tactically~*~*~ (outnumbered).
 15960 | Lair:5   | 15960 ||| SWAPPING to +4 broad axe of freezing.
 15961 | Lair:5   | 15961 ||| SWAPPING to +0 morningstar.
 15971 | Lair:5   | 15971 ||| SWAPPING to +4 broad axe of freezing.
 16027 | Lair:5   | 16027 ||| INVOKING Heroism.
 16193 | Lair:5   | Received a gift from Okawaru
 16205 | Lair:5   | 16205 ||| SWAPPING to +4 broad axe of electrocution.
 16206 | Lair:5   | 16206 ||| DROPPING +4 broad axe of freezing.
 16283 | Lair:5   | 16283 ||| READING scroll of enchant armour.
 16283 | Lair:5   | 16283 ||| ENCHANTING +0 pair of boots.
 16358 | Lair:5   | 16358 ||| Stepping ~*~*~tactically~*~*~ (stealth).
 16399 | Lair:5   | 16399 ||| INVOKING Heroism.
 16416 | Lair:5   | Reached skill level 15 in Shields
 16497 | Lair:5   | 16497 ||| INVOKING Heroism.
 16541 | Lair:5   | 16541 ||| INVOKING Heroism.
 16596 | Lair:5   | 16596 ||| FLEEEEING.
 16597 | Lair:5   | 16597 ||| FLEEEEING.
 16598 | Lair:5   | 16598 ||| FLEEEEING.
 16599 | Lair:5   | 16599 ||| FLEEEEING.
 16600 | Lair:5   | 16600 ||| FLEEEEING.
 16601 | Lair:5   | 16601 ||| FLEEEEING.
 16602 | Lair:5   | 16602 ||| FLEEEEING.
 16603 | Lair:5   | 16603 ||| FLEEEEING.
 16604 | Lair:5   | 16604 ||| FLEEEEING.
 16605 | Lair:5   | 16605 ||| FLEEEEING.
 16606 | Lair:5   | 16606 ||| FLEEEEING.
 16607 | Lair:5   | 16607 ||| FLEEEEING.
 16608 | Lair:5   | 16608 ||| FLEEEEING.
 16612 | Lair:5   | 16612 ||| FLEEEEING.
 16613 | Lair:5   | 16613 ||| FLEEEEING.
 16614 | Lair:5   | 16614 ||| FLEEEEING.
 16616 | Lair:5   | 16616 ||| FLEEEEING.
 16617 | Lair:5   | 16617 ||| FLEEEEING.
 16618 | Lair:5   | 16618 ||| FLEEEEING.
 16621 | Lair:5   | 16621 ||| FLEEEEING.
 16638 | Lair:5   | 16638 ||| INVOKING Heroism.
 16840 | Lair:5   | 16840 ||| INVOKING Heroism.
 16841 | Lair:5   | 16841 ||| INVOKING Finesse.
 16884 | Lair:5   | 16884 ||| INVOKING Heroism.
 16888 | Lair:5   | 16888 ||| Stepping ~*~*~tactically~*~*~ (stealth).
 16892 | Lair:5   | Received a gift from Okawaru
 16914 | Lair:5   | 16914 ||| DROPPING +0 broad axe of electrocution.
 16955 | Lair:5   | 16955 ||| Stepping ~*~*~tactically~*~*~ (hiding).
 16960 | Lair:5   | 16960 ||| INVOKING Heroism.
 17091 | Lair:5   | 17091 ||| Stepping ~*~*~tactically~*~*~ (stealth).
 17092 | Lair:5   | 17092 ||| Stepping ~*~*~tactically~*~*~ (stealth).
 17093 | Lair:5   | 17093 ||| Stepping ~*~*~tactically~*~*~ (stealth).
 17094 | Lair:5   | 17094 ||| Stepping ~*~*~tactically~*~*~ (stealth).
 17117 | Lair:5   | 17117 ||| Stepping ~*~*~tactically~*~*~ (stealth).
 17496 | Lair:5   | 17496 ||| Stepping ~*~*~tactically~*~*~ (hiding).
 17530 | Lair:5   | 17530 ||| Stepping ~*~*~tactically~*~*~ (stealth).
 17547 | Lair:5   | 17547 ||| Stepping ~*~*~tactically~*~*~ (stealth).
 17554 | Lair:5   | 17554 ||| Stepping ~*~*~tactically~*~*~ (stealth).
 17562 | Lair:5   | 17562 ||| Stepping ~*~*~tactically~*~*~ (stealth).
 17568 | Lair:5   | 17568 ||| INVOKING Heroism.
 17582 | Lair:5   | 17582 ||| Stepping ~*~*~tactically~*~*~ (stealth).
 17660 | Lair:5   | 17660 ||| INVOKING Heroism.
 17684 | Lair:5   | 17684 ||| Stepping ~*~*~tactically~*~*~ (stealth).
 17701 | Lair:5   | 17701 ||| INVOKING Heroism.
 17706 | Lair:5   | 17706 ||| Stepping ~*~*~tactically~*~*~ (stealth).
 17717 | Lair:5   | 17717 ||| Stepping ~*~*~tactically~*~*~ (stealth).
 17723 | Lair:5   | Received a gift from Okawaru
 17727 | Lair:5   | 17727 ||| Stepping ~*~*~tactically~*~*~ (stealth).
 17729 | Lair:5   | 17729 ||| Stepping ~*~*~tactically~*~*~ (stealth).
 17739 | Lair:5   | 17739 ||| Stepping ~*~*~tactically~*~*~ (stealth).
 17746 | Lair:5   | 17746 ||| Stepping ~*~*~tactically~*~*~ (stealth).
 17748 | Lair:5   | Reached ****** piety under Okawaru
 17749 | Lair:5   | Reached XP level 15. HP: 93/93 MP: 22/22
 17772 | Lair:5   | 17772 ||| INVOKING Heroism.
 17787 | Lair:5   | 17787 ||| Stepping ~*~*~tactically~*~*~ (stealth).
 17802 | Lair:5   | 17802 ||| INVOKING Finesse.
 17835 | Lair:5   | 17835 ||| Stepping ~*~*~tactically~*~*~ (stealth).
 17929 | Lair:5   | 17929 ||| READING scroll of enchant armour.
 17929 | Lair:5   | 17929 ||| ENCHANTING +1 pair of boots.
 17939 | Lair:5   | 17939 ||| Stepping ~*~*~tactically~*~*~ (hiding).
 17943 | Lair:5   | 17943 ||| INVOKING Heroism.
 17946 | Lair:5   | Received a gift from Okawaru
 18152 | Lair:5   | 18152 ||| DROPPING +3 broad axe of electrocution.
 18154 | Lair:5   | 18154 ||| Stepping ~*~*~tactically~*~*~ (stealth).
 18156 | Lair:5   | 18156 ||| Stepping ~*~*~tactically~*~*~ (hiding).
 18457 | Lair:5   | 18457 ||| PLANNING D
 18457 | Lair:5   | 18457 ||| UPGRADING to +1 helmet.
 18462 | Lair:5   | 18462 ||| DRINKING 2 lumpy yellow potions.
 18567 | Lair:5   | 18567 ||| DROPPING potion of berserk rage.
 18684 | D:12     | Found a sparkling altar of Nemelex Xobeh.
 18706 | D:12     | 18706 ||| INVOKING Heroism.
 18818 | D:12     | Found a frozen archway.
 19032 | D:12     | 19032 ||| INVOKING Heroism.
 19304 | D:12     | 19304 ||| INVOKING Heroism.
 19306 | D:12     | 19306 ||| READING 5 scrolls of teleportation.
 19328 | D:12     | 19328 ||| Stepping ~*~*~tactically~*~*~ (stealth).
 19330 | D:12     | 19330 ||| Stepping ~*~*~tactically~*~*~ (stealth).
 19333 | D:12     | 19333 ||| INVOKING Heroism.
 19337 | D:12     | 19337 ||| READING 4 scrolls of teleportation.
 19342 | D:12     | Found Efutytyi's Distillery.
 19351 | D:12     | 19351 ||| BUYING 2 potions of haste (220 gold).
 19351 | D:12     | Bought 2 potions of haste for 220 gold pieces
 19351 | D:12     | 19351 ||| BUYING potion of attraction (33 gold).
 19351 | D:12     | Bought a potion of attraction for 33 gold pieces
 19351 | D:12     | 19351 ||| BUYING potion of cancellation (88 gold).
 19351 | D:12     | Bought a potion of cancellation for 88 gold pieces
 19351 | D:12     | 19351 ||| BUYING potion of cancellation (88 gold).
 19351 | D:12     | Bought a potion of cancellation for 88 gold pieces
 19351 | D:12     | 19351 ||| BUYING potion of cancellation (88 gold).
 19351 | D:12     | Bought a potion of cancellation for 88 gold pieces
 19351 | D:12     | 19351 ||| BUYING potion of curing (33 gold).
 19351 | D:12     | Bought a potion of curing for 33 gold pieces
 19374 | D:12     | 19374 ||| Stepping ~*~*~tactically~*~*~ (stealth).
 19376 | D:12     | 19376 ||| INVOKING Heroism.
 19654 | D:13     | 19654 ||| READING scroll of enchant weapon.
 19654 | D:13     | 19654 ||| ENCHANTING +4 broad axe of electrocution.
 19732 | D:13     | 19732 ||| Stepping ~*~*~tactically~*~*~ (hiding).
 19734 | D:13     | 19734 ||| Stepping ~*~*~tactically~*~*~ (hiding).
 19745 | D:13     | 19745 ||| DRINKING 7 potions of curing.
 19745 | D:13     | 19745 ||| (to cure confusion)
 19748 | D:13     | 19748 ||| INVOKING Heroism.
 19808 | D:13     | Reached skill level 16 in Shields
 19973 | D:13     | 19973 ||| Stepping ~*~*~tactically~*~*~ (hiding).
 20002 | D:13     | 20002 ||| INVOKING Heroism.
 20004 | D:13     | 20004 ||| Stepping ~*~*~tactically~*~*~ (hiding).
 20289 | D:13     | Noticed Frances
 20290 | D:13     | 20290 ||| Stepping ~*~*~tactically~*~*~ (hiding).
 20294 | D:13     | 20294 ||| INVOKING Heroism.
 20295 | D:13     | 20295 ||| INVOKING Finesse.
 20307 | D:13     | Killed Frances
 20511 | D:13     | 20511 ||| Stepping ~*~*~tactically~*~*~ (hiding).
 20514 | D:13     | 20514 ||| INVOKING Heroism.
 20517 | D:13     | 20517 ||| Stepping ~*~*~tactically~*~*~ (hiding).
 20525 | D:13     | Received a gift from Okawaru
 20576 | D:13     | 20576 ||| FLEEEEING.
 20577 | D:13     | 20577 ||| FLEEEEING.
 20578 | D:13     | 20578 ||| FLEEEEING.
 20579 | D:13     | 20579 ||| FLEEEEING.
 20580 | D:13     | 20580 ||| FLEEEEING.
 20661 | D:13     | 20661 ||| Stepping ~*~*~tactically~*~*~ (stealth).
 20667 | D:13     | Found a gate to the Vaults.
 20910 | D:13     | 20910 ||| DROPPING +3 scale mail of fire resistance.
 20911 | D:13     | 20911 ||| UPGRADING to +3 chain mail of willpower.
 20921 | D:13     | 20921 ||| DROPPING +0 plate armour.
 20922 | D:13     | 20922 ||| UPGRADING to +1 plate armour of fire resistance.
 20932 | D:13     | 20932 ||| DROPPING +3 chain mail of willpower.
 21014 | D:14     | 21014 ||| Stepping ~*~*~tactically~*~*~ (hiding).
 21043 | D:14     | 21043 ||| Stepping ~*~*~tactically~*~*~ (stealth).
 21048 | D:14     | 21048 ||| Stepping ~*~*~tactically~*~*~ (stealth).
 21052 | D:14     | 21052 ||| Stepping ~*~*~tactically~*~*~ (stealth).
 21054 | D:14     | Reached skill level 15 in Axes
 21055 | D:14     | 21055 ||| Stepping ~*~*~tactically~*~*~ (stealth).
 21059 | D:14     | 21059 ||| Stepping ~*~*~tactically~*~*~ (stealth).
 21090 | D:14     | 21090 ||| INVOKING Heroism.
 21103 | D:14     | 21103 ||| Stepping ~*~*~tactically~*~*~ (stealth).
 21292 | D:14     | 21292 ||| INVOKING Heroism.
 21467 | D:14     | 21467 ||| DROPPING +3 flail "Giena" {drain, rF+ rN+ Str+3
                  | SInv}.
 21468 | D:14     | 21468 ||| DROPPING +0 morningstar.
 21499 | D:14     | Identified the +1 scale mail "Cetirch" {Rampage Stlth+}
 21588 | D:14     | 21588 ||| READING scroll of brand weapon.
 21588 | D:14     | 21588 ||| BRANDING +5 broad axe of electrocution.
 21675 | D:14     | Found a runed translucent gate.
 21675 | D:14     | Found a runed translucent gate.
 21675 | D:14     | Found a runed translucent gate.
 21819 | D:14     | 21819 ||| INVOKING Heroism.
 21820 | D:14     | 21820 ||| SWAPPING to +2 hand axe of flaming.
 21827 | D:14     | Received a gift from Okawaru
 21828 | D:14     | 21828 ||| SWAPPING to +5 vorpal broad axe.
 21938 | D:14     | Noticed Wopp's ghost (journeyman GrEE)
 21941 | D:14     | 21941 ||| DROPPING scarf of shadows.
 21953 | D:15     | Entered Level 15 of the Dungeon
 21954 | D:15     | 21954 ||| INVOKING Heroism.
 21989 | D:15     | 21989 ||| Stepping ~*~*~tactically~*~*~ (hiding).
 21991 | D:15     | 21991 ||| Stepping ~*~*~tactically~*~*~ (hiding).
 21996 | D:15     | 21996 ||| INVOKING Heroism.
 22116 | D:15     | 22116 ||| FLEEEEING.
 22117 | D:15     | 22117 ||| FLEEEEING.
 22121 | D:15     | 22121 ||| Stepping ~*~*~tactically~*~*~ (hiding).
 22125 | D:15     | 22125 ||| INVOKING Heroism.
 22128 | D:15     | Reached skill level 12 in Fighting
 22131 | D:15     | 22131 ||| DRINKING 7 potions of curing.
 22131 | D:15     | 22131 ||| (to cure confusion)
 22147 | D:15     | HP: 12/96 [meliai/divine providence[a glowing orange brain]
                  | (13)]
 22147 | D:15     | Killed from afar by a meliai

Levels and vault maps discovered:
D:1:      dpeg_arrival_round_a, layout_basic, serial_shops,
          nicolae_shop_behind_doors
D:2:      layout_loops_corners, serial_shops, nicolae_shop_hallway_plus,
          hellmonk_ecumenical_altar_inner_sanctum, dk_noncrumbling_4,
          serial_park_tiny_2
D:3:      layout_basic, uniq_ijyb
D:4:      layout_loops_corners, nicolae_overflow_hidden_temple
D:5:      layout_basic, serial_glass, glass_columns_a, glass_columns_b,
          glass_columns_a, glass_columns_b, glass_columns_a, glass_columns_a,
          glass_columns_c, glass_columns_c, hellmonk_ghost_happy_afterlife
D:6:      layout_rooms, minmay_temple_entry_trees, uniq_edmund, uniq_grinder
D:7:      layout_loops_ring
D:8:      layout_rooms, hangedman_abyss_or_decor_stagger
D:9:      layout_basic, serial_shops, shop
D:10:     minmay_gate_of_8, layout_small_grid, serial_shops,
          nicolae_lakefront_shop, worms_lemuel, uniq_grum
D:11:     layout_rooms, david_lair_shrubbed
D:12:     layout_gridville, serial_shops, nicolae_shop_crystal,
          portal_ice_cave_entry_pillars_1, nemelex_xobeh_ov_fountains_minmay
D:13:     layout_basic, erik_vaults_2, special_room [special_room_orc],
          uniq_frances
D:14:     layout_stronghold, gammafunk_ghost_necromancy
D:15:     gammafunk_enter_depths_forms, layout_loops_ring, tgw_xom
Temple:   mainiacjoe_temple_starburst
Lair:1:   layout_long_grid, serial_bayou_shore_a, grunt_megastairs_2
Lair:2:   layout_gridlike, shoals_dummy_entry, serial_rivers,
          chequers_serial_rivers_small_a, chequers_serial_rivers_large_a,
          chequers_serial_rivers_small_b, chequers_serial_rivers_large_b,
          chequers_serial_rivers_room_b, chequers_serial_rivers_micro_b,
          uniq_nergalle, uniq_erica, uniq_sonja
Lair:3:   cheibrodos_magma_flow, layout_loops_ring,
          minmay_snake_entry_guardpost_small, gauntlet_entry_generic
Lair:4:   layout_misc_corridors, minmay_slime_entry_oklob_open, enter_volcano_2,
          serial_bayou_pond_e, nicolae_quartered_pool_medium,
          infiniplex_staircase_pool
Lair:5:   hangedman_lair_caniforms_friends, layout_long_grid,
          hangedman_lair_tendril_chambers

Skill      XL: |  1  2  3  4  5  6  7  8  9 10 11 12 13 14 15 |
---------------+----------------------------------------------+-----
Axes           | 2 3 4 5 6 7 9 11 12 14 15 | 15.0
Dodging        | 1 2 |  2.3
Fighting       | 4 5 6 7 8 9 10 12 | 12.0
Shields        | 4 5 10 14 15 16 | 16.2
Armour         | 5 8 9 10 11 | 11.0
Throwing       | 1 3 4 5 |  5.0
Invocations    | 4 8 10 | 10.1

Action                   |  1- 3 |  4- 6 |  7- 9 | 10-12 | 13-15 || total
-------------------------+-------+-------+-------+-------+-------++-------
Melee: War axe           |   124 |   131 |   225 |   282 |       ||   762
       Broad axe         |       |       |       |   151 |   985 ||  1136
       Unarmed           |       |       |       |     3 |       ||     3
       Morningstar       |       |       |       |    19 |    33 ||    52
       Hand axe          |       |       |       |       |     7 ||     7
Throw: Boomerang         |       |       |     4 |    78 |     3 ||    85
       Javelin           |       |       |       |       |    88 ||    88
Invok: Heroism           |       |       |     2 |    28 |    43 ||    73
       Finesse           |       |       |       |     4 |     5 ||     9
  Use: Scroll            |     1 |     6 |     5 |    10 |    10 ||    32
       Potion            |       |     3 |     2 |       |     5 ||    10
 Stab: Invisible         |       |     2 |       |       |       ||     2
Armor: Scale mail        |    28 |    10 |    67 |       |       ||   105
       Chain mail        |    49 |    63 |       |       |       ||   112
       Plate armour      |       |       |     4 |   193 |   365 ||   562
Dodge: Dodged            |    49 |    37 |    75 |   131 |   256 ||   548
Block: Buckler           |    17 |    51 |   104 |   139 |       ||   311
       Reflection        |       |     2 |     2 |     6 |    60 ||    70
       Tower shield      |       |       |       |    69 |  1120 ||  1189

Table legend:
 A = Non-vault XP
 B = Vault XP
 C = Vault XP percentage of total XP
 D = Non-vault monster count
 E = Vault monster count
 F = Vault count percentage of total count
                 A         B        C        D         E       F
            +---------+---------+-------+---------+---------+-------
      Total |   86070 |   39701 |  31.6 |     422 |     161 |  27.6
            +---------+---------+-------+---------+---------+-------
        D:1 |      28 |       0 |   0.0 |      14 |       0 |   0.0
        D:2 |      76 |       0 |   0.0 |      25 |       0 |   0.0
        D:3 |     112 |      36 |  24.3 |      16 |       1 |   5.9
        D:4 |     561 |       0 |   0.0 |      20 |       0 |   0.0
        D:5 |     433 |       0 |   0.0 |       8 |       0 |   0.0
        D:6 |     941 |     434 |  31.6 |      16 |       2 |  11.1
        D:7 |    1377 |       0 |   0.0 |      19 |       0 |   0.0
        D:8 |    2382 |       0 |   0.0 |      27 |       0 |   0.0
        D:9 |    2201 |       0 |   0.0 |      26 |       0 |   0.0
       D:10 |    3681 |     743 |  16.8 |      20 |       5 |  20.0
       D:11 |    4622 |     372 |   7.4 |      12 |       1 |   7.7
       D:12 |    5213 |       0 |   0.0 |      18 |       0 |   0.0
       D:13 |    4334 |    9490 |  68.6 |       9 |      33 |  78.6
       D:14 |    8050 |       0 |   0.0 |      16 |       0 |   0.0
       D:15 |    6612 |    1677 |  20.2 |      18 |       3 |  14.3
     Lair:1 |    4772 |     121 |   2.5 |      20 |       1 |   4.8
     Lair:2 |    5138 |    2381 |  31.7 |      11 |       3 |  21.4
     Lair:3 |    7111 |    1740 |  19.7 |      27 |      11 |  28.9
     Lair:4 |    7767 |       0 |   0.0 |      41 |       0 |   0.0
     Lair:5 |   20659 |   19173 |  48.1 |      59 |      90 |  60.4
   Gauntlet |       0 |    3534 | 100.0 |       0 |      11 | 100.0
            +---------+---------+-------+---------+---------+-------
